 Dungeon Crawl Stone Soup version 0.22-a0-377-g846bec1 (webtiles) character file.

93 raistware the Magician (level 4, -1/30 HPs)
             Began as a Mummy Wizard on Apr 27, 2018.
             Killed from afar by an orc wizard (9 damage)
             ... with a puff of flame
             ... on level 3 of the Dungeon.
             The game lasted 00:10:35 (2498 turns).

raistware the Magician (Mummy Wizard)               Turns: 2498, Time: 00:10:35

Health: -1/30      AC:  8    Str: 10    XL:     4   Next: 36%
Magic:  0/10       EV: 11    Int: 18    God:
Gold:   188        SH:  0    Dex: 10    Spells: 1/12 levels left

rFire    x . .     SeeInvis .   f - +0 spear
rCold    + . .     Gourm    .   (no shield)
rNeg     + + +     Faith    .   h - +2 leather armour {MR+}
rPois    ∞         Spirit   .   b - +0 hat
rElec    .         Reflect  .   c - +2 cloak
rCorr    .         Harm     .   (no gloves)
MR       +....                  (no boots)
Stlth    ++........             (no amulet)
HPRegen  0.10/turn              (no ring)
MPRegen  0.12/turn              (no ring)

@: very slightly contaminated
A: no food or potions, fire vulnerability, cold resistance 1, negative energy
resistance 3, torment resistance, unbreathing
a: no special abilities


You were on level 3 of the Dungeon.
You were not hungry.

You visited 1 branch of the dungeon, and saw 3 of its levels.

You collected 188 gold pieces.

Inventory:

Hand Weapons
 f - a +0 spear (weapon)
Armour
 a - a +0 robe
 b - a +0 hat (worn)
 c - a +2 cloak (worn)
 h - a +2 leather armour of magic resistance (worn)
Scrolls
 d - a scroll of remove curse {unknown}
 e - 2 scrolls of enchant weapon {unknown}
 g - 3 scrolls of identify {unknown}
 i - a scroll of amnesia {unknown}


   Skills:
 * Level 0.8 Armour
 - Level 2.0 Dodging
 - Level 2.0 Stealth
 + Level 4.6 Spellcasting
 * Level 2.2 Conjurations
 - Level 1.0 Summonings
 - Level 1.0 Translocations


You had one spell level left.
You knew the following spells:

 Your Spells              Type           Power        Failure   Level  Hunger
a - Magic Dart            Conj           ##..         8%          1    N/A
b - Blink                 Tloc           N/A          19%         2    N/A
c - Call Imp              Summ           #.......     19%         2    N/A
d - Conjure Flame         Conj/Fire      #.......     34%         3    N/A
e - Mephitic Cloud        Conj/Pois/Air  #.......     38%         3    N/A

Dungeon Overview and Level Annotations

Branches:
Dungeon (3/15)

Altars:


Innate Abilities, Weirdness & Mutations

You do not eat or drink.
Your flesh is vulnerable to fire.
You are immune to poison.
Your flesh is cold resistant. (rC+)
You are immune to negative energy. (rN+++)
You are immune to unholy pain and torment.
You can survive without breathing.


Message History

The orc wizard points at you and mumbles some strange words.
The magic dart hits you!
Casting: Magic Dart (safe; 8% risk of failure)
Confirm with . or Enter, or press ? or * to list all spells.
You miscast Call Imp.
Distant voices call out to you!
The orc wizard hits you with an enchanted dagger.
Evoke which item? (* to show all) (? for menu, Esc to quit)
Okay, then.
You hit the orc wizard.
The orc wizard is severely wounded.
The orc wizard gestures wildly while chanting.
The orc wizard flickers and vanishes!
Deactivating autopickup; reactivate with Ctrl-A.
Something hits you.
* * * LOW HITPOINT WARNING * * *
You hear some strange, mumbled words.
A puff of flame appears from out of thin air!
The puff of flame hits you! The fire burns you terribly!
You die...

##################
..................
#####..>########## #...#
#...#
.###########...##########
....).{.@................
.#########.....#########.
#....## #. #....# #.
#....# #. #<...# ##.
#....# ..... ###### .####
#


There were no monsters in sight!

Vanquished Creatures
  An adder (D:2)
  A dart slug (D:2)
  A worm (D:2)
  5 leopard geckos
  An orc (D:3)
  2 ball pythons
  A giant cockroach (D:1)
  6 goblins
  3 hobgoblins
  5 kobolds
  4 bats
  2 frilled lizards
  8 rats
  A plant (D:1)
41 creatures vanquished.

Vanquished Creatures (collateral kills)
  An orc priest (D:3)
  2 worms
  An orc (D:3)
  A bat (D:3)
  A goblin (D:2)
  2 kobolds (D:1)
  A ball python (D:2)
9 creatures vanquished.

Grand Total: 50 creatures vanquished

Notes
Turn   | Place    | Note
-------+----------+-------------------------------------------
     0 | D:1      | raistware the Mummy Wizard began the quest for the Orb.
     0 | D:1      | Reached XP level 1. HP: 13/13 MP: 5/5
    65 | D:1      | Reached skill level 1 in Conjurations
   184 | D:1      | Reached XP level 2. HP: 19/19 MP: 0/7
   188 | D:1      | Learned a level 2 spell: Blink
   191 | D:1      | Learned a level 2 spell: Call Imp
  1082 | D:1      | Reached XP level 3. HP: 17/24 MP: 8/8
  1693 | D:2      | Reached skill level 1 in Summonings
  1725 | D:2      | Reached skill level 1 in Translocations
  1769 | D:2      | Learned a level 3 spell: Conjure Flame
  2419 | D:3      | Reached XP level 4. HP: 30/30 MP: 8/10
  2424 | D:3      | Learned a level 3 spell: Mephitic Cloud
  2498 | D:3      | Killed from afar by an orc wizard

Vault maps used:
D:1:      shiori_arrival_oz, lexackson_kobold_supper

Skill      XL: |  1  2  3 |
---------------+----------+-----
Conjurations   | 1 2 |  2.2
Stealth        | 2 |  2.0
Dodging        | 2 |  2.0
Summonings     | 1 |  1.0
Translocations | 1 |  1.0
Armour         | |  0.8
Spellcasting   | |  4.6

Action                   |  1- 3 |  4- 6 || total
-------------------------+-------+-------++-------
Melee: Short sword       |    35 |       ||    35
       Spear             |    39 |     9 ||    48
 Cast: Magic Dart        |   100 |     8 ||   108
       Call Imp          |     8 |     1 ||     9
 Stab: Sleeping          |     1 |       ||     1
Armor: Robe              |    10 |       ||    10
       Leather armour    |     2 |     3 ||     5
Dodge: Dodged            |    48 |     3 ||    51

Table legend:
 A = Spawn XP
 B = Non-spawn XP
 C = Spawn XP percentage of total XP
 D = Spawn monster count
 E = Non-spawn monster count
 F = Spawn count percentage of total count
 G = Total turns spent on level
                    A         B        C        D         E        F      G
               +---------+---------+-------+---------+---------+-------+---------
         Total |       0 |     133 |   0.0 |       0 |      49 |   0.0 |  2498
               +---------+---------+-------+---------+---------+-------+---------
           D:1 |       0 |      42 |   0.0 |       0 |      25 |   0.0 |  1215
           D:2 |       0 |      43 |   0.0 |       0 |      17 |   0.0 |   864
           D:3 |       0 |      48 |   0.0 |       0 |       7 |   0.0 |   419
               +---------+---------+-------+---------+---------+-------+---------
